 Dungeon Crawl Stone Soup version 0.17-b1-25-g6d8775f (webtiles) character file.

21 hannobal the Stinger (level 2, -4/19 HPs)
             Began as a Mummy Venom Mage on Nov 5, 2015.
             Slain by an orc wizard
             ... wielding a +0 dagger
              (6 damage)
             ... on level 3 of the Dungeon.
             The game lasted 00:03:38 (1464 turns).

hannobal the Stinger (Mummy Venom Mage)             Turns: 1464, Time: 00:03:38

Health: -4/19      AC:  2    Str: 11    XL:     2   Next: 65%
Magic:  0/5        EV: 12    Int: 14    God:
Gold:   44         SH:  0    Dex: 12    Spells: 1 memorised, 4 levels left

rFire  x . .     SeeInvis +     b - +0 hunting sling
rCold  + . .     Clarity  .     e - +0 robe
rNeg   + + +     SustAt   .     (no shield)
rPois  ∞         Gourm    .     (no helmet)
rElec  .         Spirit   .     (no cloak)
rCorr  .         Warding  .     (no gloves)
rMut   .         Stasis   .     (no boots)
MR     .....                    (no amulet)
Stlth  +.........               h - ring of see invisible
                                d - ring of wizardry

@: confused, not resistant to hostile enchantments, very unstealthy
A: no food or potions, fire vulnerability, cold resistance 1, negative energy
resistance 3, torment resistance, unbreathing
a: no special abilities


You were on level 3 of the Dungeon.
You were not hungry.

You visited 1 branch of the dungeon, and saw 3 of its levels.

You collected 44 gold pieces.

Inventory:

Hand Weapons
 a - a +0 spear
 b - a +0 hunting sling (weapon)
Missiles
 f - 41 stones (quivered)
 g - 42 arrows
 j - 15 sling bullets
Armour
 e - a +0 robe (worn)
 k - a cursed -1 ring mail
Jewellery
 d - a ring of wizardry (left hand)
 h - a ring of see invisible (right hand)
Scrolls
 c - 2 scrolls of remove curse
Books
 i - a Young Poisoner's Handbook

   Spells                             Type                      Level
   a - Sting                          Conjuration/Poison           1
   b - Cure Poison                    Poison                       2
   c - Mephitic Cloud                 Conjuration/Poison/Air       3
   d - Olgreb's Toxic Radiance        Poison                       4
   e - Venom Bolt                     Conjuration/Poison           5


   Skills:
 - Level 1.5 Dodging
 - Level 1.5 Stealth
 - Level 2.0 Spellcasting
 + Level 1.9 Conjurations
 - Level 3.2 Poison Magic


You had 4 spell levels left.
You knew the following spells:

 Your Spells              Type           Power        Failure   Level  Hunger
z - Sting                 Conj/Pois      #...         4%          1    N/A

Dungeon Overview and Level Annotations

Branches:
Dungeon (3/15)

Altars:


Innate Abilities, Weirdness & Mutations

You do not eat or drink.
Your flesh is vulnerable to fire.
You are immune to poison.
Your flesh is cold resistant.
You are immune to negative energy.
You are immune to unholy pain and torment.
You can survive without breathing.


Message History

The orc wizard hits you with a dagger.
A kobold comes into view.
Firing (i - inventory. (,) - cycle):
f - 44 stones (quivered)
Press: ? - help, Shift-Dir - straight line, f/p - orc wizard
Aim: an orc wizard, wielding a dagger and wearing a robe (severely wounded, slightly transparent)
You shoot a stone.
The orc wizard gestures at you while chanting.
The magic dart hits you!
* * * LOW HITPOINT WARNING * * *
The kobold moves out of view.
The orc wizard barely misses you.
Firing (i - inventory. (,) - cycle):
f - 43 stones (quivered)
Press: ? - help, Shift-Dir - straight line, f/p - orc wizard
Aim: an orc wizard, wielding a dagger and wearing a robe (severely wounded, slightly transparent)
You shoot a stone. The stone barely misses the orc wizard.
The orc wizard closely misses you.
Firing (i - inventory. (,) - cycle):
f - 42 stones (quivered)
Press: ? - help, Shift-Dir - straight line, f/p - orc wizard
Aim: an orc wizard, wielding a dagger and wearing a robe (severely wounded, slightly transparent)
You shoot a stone. The orc wizard hits you with a dagger.
You die...

###.######
....o...#
##.# #@#
..!# #o#
#..##(#
#..##..#.#
(.(.og†.(#
(.##..####
##


You could see 2 orc wizards.

Vanquished Creatures
  A giant gecko (D:1)
  4 goblins (D:1)
  4 hobgoblins
  4 bats
  A giant newt (D:1)
  2 kobolds
  3 rats
19 creatures vanquished.

Notes
Turn   | Place    | Note
--------------------------------------------------------------
     0 | D:1      | hannobal the Mummy Venom Mage began the quest for the Orb.
     0 | D:1      | Reached XP level 1. HP: 13/13 MP: 3/3
   452 | D:1      | Reached skill level 1 in Conjurations
   786 | D:1      | Reached XP level 2. HP: 19/19 MP: 0/5
  1436 | D:2      | You fall through a shaft!
  1464 | D:3      | Slain by an orc wizard

Action                   || total
-------------------------++-------
 Fire: Hunting sling     ||    15
 Cast: Sting             ||    39
  Use: Scroll            ||     5
